 Dungeon Crawl Stone Soup version 0.31-a0-152-g6aa68a64a1 (webtiles) character file.

Game seed: 1226775049514497658

973 qw the Skirmisher (level 7, -3/64 HPs)
             Began as a Minotaur Hunter on June 9, 2023.
             Slain by a yak (11 damage)
             ... on level 6 of the Dungeon.
             The game lasted 00:01:25 (4466 turns).

qw the Skirmisher (Minotaur Hunter)                 Turns: 4466, Time: 00:01:26

Health: -3/64      AC:  7    Str: 16    XL:     7   Next: 94%
Magic:  6/6        EV: 13    Int:  6    God:
Gold:   288        SH:  0    Dex: 15    Spells: 6/6 levels left

rFire   . . .        j - +0 orcbow
rCold   . . .        (shield currently unavailable)
rNeg    + . .        c - +2 robe {rN+}
rPois   .            (helmet restricted)
rElec   .            (no cloak)
rCorr   .            (no gloves)
SInv    .            b - +0 pair of boots
Will    .....        (no amulet)
Stlth   ++           d - +4 ring of slaying {mikee}
HPRegen 0.30/turn    (no ring)
MPRegen 0.10/turn

%: no passive effects
@: no status effects
A: horns 2, retaliatory headbutt, iridescent scales 1, MP-powered wands
a: no special abilities


You were on level 6 of the Dungeon.
You visited 2 branches of the dungeon, and saw 9 of its levels.

You collected 288 gold pieces.


Innate Abilities, Weirdness & Mutations

You have a pair of horns on your head.
You reflexively headbutt those who attack you in melee.
You are partially covered in iridescent scales. (AC +2)
You expend magic power (3 MP) to strengthen your wands.


   Skills:
 - Level 6.4 Fighting
 + Level 9.0 Ranged Weapons
 - Level 1.0 Armour
 - Level 3.3 Dodging
 - Level 0.7 Stealth


You had 6 spell levels left.
You didn't know any spells.
Your spell library was empty.

Inventory:

Hand Weapons
 j - a +0 orcbow (weapon)
Armour
 b - a +0 pair of boots (worn)
 c - a +2 robe of positive energy (worn)
Jewellery
 d - a +4 ring of slaying (left hand) {mikee}
 n - a ring of ice
Scrolls
 a - a scroll of identify
Potions
 e - a potion of resistance {unknown}
 f - a potion of attraction {unknown}
 g - 2 potions of mutation
 h - 4 potions of curing
 i - a potion of haste {unknown}
 k - a potion of ambrosia {unknown}
 l - a potion of enlightenment {unknown}
 m - a potion of degeneration {unknown}

Dungeon Overview and Level Annotations

Branches:
Dungeon (8/15)             Temple (1/1) D:4
   Lair: D:8-11

Altars:
Ashenzari
Cheibriados
Dithmenos
Elyvilon
Gozag
Hepliaklqana
Kikubaaqudgha
Makhleb
Ru
Sif Muna
Trog
Uskayaw
Vehumet
Xom
Yredelemnul
Zin


Message History

You kill the yak!
Your Ranged Weapons skill increases to level 9!
You shoot an arrow. The arrow completely misses the yak.
The arrow hits the yak.
The yak is lightly wounded.
A gnoll comes into view. It is wielding a +0 spear.
The yak closely misses you.
You shoot an arrow. The gnoll shouts!
The arrow hits the yak.
The yak is severely wounded.
The yak gores you.
You shoot an arrow. The arrow hits the yak.
The yak is almost dead.
The yak gores you.
You shoot an arrow. The arrow hits the yak.
The yak is almost dead.
The yak gores you but does no damage.
You shoot an arrow. The arrow hits the yak.
You kill the yak!
Your Fighting skill increases to level 6!
You shoot an arrow. The arrow hits the yak!
The yak is moderately wounded.
The yak gores you!
You shoot an arrow. The arrow completely misses the yak.
The arrow hits the yak.
The yak is lightly wounded.
The yak gores you.
You shoot an arrow. The arrow closely misses the yak.
The arrow barely misses the yak.
The arrow closely misses the gnoll.
The yak completely misses you. You furiously retaliate!
You headbutt the yak! You shoot an arrow. The arrow barely misses the yak.
The arrow hits the yak!
The yak is heavily wounded.
The yak gores you.
You shoot an arrow. The arrow barely misses the yak.
The arrow hits the yak.
The yak is heavily wounded.
The yak gores you.
You shoot an arrow. The arrow barely misses the yak.
The arrow hits the yak but does no damage.
The yak is heavily wounded.
The yak gores you!
You die...

### ..# ##
#.########
#.###@YYg....
#.#.########
#.## #.# ####.#
#....#
#####.##.#
####...#.##.##
.....#.#.#...##


You could see 2 yaks and a gnoll.

Vanquished Creatures
  3 yaks (D:6)
  A black bear (D:4)
  A centaur (D:4)
  2 howler monkeys
  An orc priest (D:4)
  A sleepcap (D:5)
  Jessica (D:2)
  2 orc wizards (D:4)
  Robin (D:2)
  3 gnolls (D:4)
  3 adders
  2 worms
  3 dart slugs
  7 orcs
  8 ball pythons
  5 bats
  8 endoplasms
  4 giant cockroaches (D:4)
  5 hobgoblins
  2 jackals (D:4)
  3 quokkas
  A frilled lizard (D:2)
  16 goblins
  4 kobolds
  6 rats
93 creatures vanquished.

Notes
Turn   | Place    | Note
-------+----------+-------------------------------------------
     0 | D:1      | qw the Minotaur Hunter began the quest for the Orb.
     0 | D:1      | Reached XP level 1. HP: 18/18 MP: 0/0
     0 | D:1      | 0 ||| qw: Version: 0.2-a-121-gba3a3e5
     0 | D:1      | 0 ||| qw: Game counter: 3189
     0 | D:1      | 0 ||| qw: Always use a shield: true
     0 | D:1      | 0 ||| qw: God list: Okawaru
     0 | D:1      | 0 ||| qw: Allow faded altars: false
     0 | D:1      | 0 ||| qw: Do Orc after D:15 true
     0 | D:1      | 0 ||| qw: Do second Lair branch before Depths: true
     0 | D:1      | 0 ||| qw: Lair rune preference: random
     0 | D:1      | 0 ||| qw: Plans: Normal
     0 | D:1      | 0 ||| PLANNING D:1-11
    96 | D:1      | Found a faded altar of an unknown god.
   377 | D:1      | Reached XP level 2. HP: 25/25 MP: 1/1
   399 | D:1      | Reached skill level 5 in Ranged Weapons
   740 | D:1      | 740 ||| READING scroll labelled VAIFEQ BUYR.
   741 | D:1      | 741 ||| READING scroll labelled URIREI OJARPHOST.
   744 | D:1      | 744 ||| READING scroll labelled KUISETHRUHA.
   745 | D:1      | 745 ||| DROPPING scroll of butterflies.
   797 | D:2      | Reached skill level 3 in Fighting
   934 | D:2      | Reached XP level 3. HP: 31/31 MP: 2/2
   945 | D:2      | Noticed Robin
   958 | D:2      | Killed Robin
   960 | D:2      | HP: 7/31 [goblin/+0 club[Robin] (1)]
   961 | D:2      | HP: 3/31 [goblin/+0 club[Robin] (2)]
  1115 | D:2      | Noticed Jessica
  1121 | D:2      | Killed Jessica
  1122 | D:2      | Reached skill level 6 in Ranged Weapons
  1122 | D:2      | Reached XP level 4. HP: 38/38 MP: 3/3
  1552 | D:2      | 1552 ||| UPGRADING to +0 pair of boots.
  1557 | D:2      | 1557 ||| UPGRADING to +0 ring mail.
  1567 | D:2      | 1567 ||| DROPPING +0 leather armour.
  1568 | D:2      | 1568 ||| READING scroll labelled FUMMABLYUSM.
  1637 | D:2      | 1637 ||| READING scroll labelled MIAFOB XURALL.
  1638 | D:2      | 1638 ||| READING scroll labelled VAECVU ANAMP.
  1640 | D:2      | 1640 ||| Stepping ~*~*~tactically~*~*~ (cloud).
  1762 | D:3      | Found an opulent altar of Gozag.
  1765 | D:3      | Found a white marble altar of Elyvilon.
  1768 | D:3      | Found a hide-covered altar of Uskayaw.
  2301 | D:3      | Reached skill level 1 in Armour
  2615 | D:3      | 2615 ||| READING scroll labelled DAKHIZIOME.
  2616 | D:3      | 2616 ||| DRINKING 3 coppery potions.
  2616 | D:3      | Gained mutation: You are partially covered in iridescent
                  | scales. (AC +2) [potion of mutation]
  2616 | D:3      | Gained mutation: You expend magic power (3 MP) to
                  | strengthen your wands. [potion of mutation]
  2617 | D:3      | 2617 ||| DRINKING 3 fizzy black potions.
  2618 | D:3      | 2618 ||| DRINKING 2 orange potions.
  2619 | D:3      | 2619 ||| READING 2 scrolls of identify.
  2619 | D:3      | 2619 ||| IDENTIFYING red potion
  2620 | D:3      | 2620 ||| DROPPING potion of brilliance.
  2644 | D:4      | Reached XP level 5. HP: 44/46 MP: 4/4
  2648 | D:4      | 2648 ||| STAIRDANCE
  2797 | D:4      | Found a staircase to the Ecumenical Temple.
  2798 | D:4      | 2798 ||| PLANNING TEMPLE
  2798 | D:4      | 2798 ||| UPGRADING to +2 robe of positive energy.
  2808 | D:4      | 2808 ||| DROPPING +0 ring mail.
  2814 | Temple   | Entered the Ecumenical Temple
  2978 | Temple   | 2978 ||| PLANNING D:1-11
  3204 | D:4      | Noticed a centaur
  3209 | D:4      | Killed a centaur
  3210 | D:4      | Reached skill level 7 in Ranged Weapons
  3210 | D:4      | Reached XP level 6. HP: 32/52 MP: 5/5
  3317 | D:4      | 3317 ||| SWAPPING to +0 orcbow.
  3319 | D:4      | 3319 ||| DROPPING +0 shortbow.
  3666 | D:4      | HP: 12/52 [black bear (3)]
  3667 | D:4      | 3667 ||| READING scroll of teleportation.
  3668 | D:4      | 3668 ||| DRINKING potion of heal wounds.
  4207 | D:4      | Reached skill level 8 in Ranged Weapons
  4236 | D:5      | Entered Level 5 of the Dungeon
  4237 | D:5      | 4237 ||| PLANNING OSSUARY
  4300 | D:5      | You fall into a shaft and drop 3 floors!
  4311 | D:8      | Found an ancient bone altar of Kikubaaqudgha.
  4323 | D:8      | Reached skill level 3 in Dodging
  4323 | D:8      | Reached XP level 7. HP: 59/59 MP: 6/6
  4404 | D:8      | 4404 ||| UPGRADING to +4 ring of slaying {mikee}.
  4440 | D:6      | Noticed a yak
  4443 | D:6      | Noticed a yak
  4446 | D:6      | Noticed a yak
  4448 | D:6      | Noticed a yak
  4449 | D:6      | Noticed a yak
  4451 | D:6      | Killed a yak
  4455 | D:6      | Killed a yak
  4456 | D:6      | Reached skill level 9 in Ranged Weapons
  4460 | D:6      | Killed a yak
  4461 | D:6      | Reached skill level 6 in Fighting
  4462 | D:6      | HP: 14/64 [yak (5)]
  4466 | D:6      | Slain by a yak

Levels and vault maps discovered:
D:1:      evilmike_arrival_hilbert_curve, layout_basic,
          ebering_ecumenical_altar_petrified, minmay_misc_feat_iff
D:2:      layout_basic, minivault_14, minmay_heptomino_h4, uniq_robin,
          uniq_jessica
D:3:      layout_basic, grunt_temple_overflow_diamond, minivault_4, st_stairs_3
D:4:      layout_basic, minmay_temple_entry_waves, reono_crystal_passage,
          kennysheep_small_square
D:5:      layout_basic, nicolae_qazlal_beasts_of_the_sky,
          mainiacjoe_overflow_paths, mainiacjoe_overflow_tiny_flanked,
          gup_ossuary_entry_pyramid, hex_medium, uniq_crazy_yiuf_cottage
D:6:      layout_loops_ring, fedhas_altar_fruit_tree, serial_shops,
          nicolae_shop_stone
D:7:      layout_loops_corners, mainiacjoe_overflow_alcove_1,
          minmay_misc_feat_encased
D:8:      layout_cave_pods, kiku_gazebo_pond_becter, grunt_ministairs_4
Temple:   nicolae_temple_slightly_damp_pantheon

Skill      XL: |  1  2  3  4  5  6  7 |
---------------+----------------------+-----
Ranged Weapons | 5 6 7 8 9 |  9.0
Fighting       | 3 4 6 |  6.4
Armour         | 1 |  1.0
Dodging        | 3 |  3.3
Stealth        | |  0.7

Action                     |  1- 3 |  4- 6 |  7- 9 || total
---------------------------+-------+-------+-------++-------
   Fire: Shortbow          |    94 |   115 |       ||   209
         Orcbow            |       |    85 |    26 ||   111
    Use: Scroll            |     3 |     6 |       ||     9
         Potion            |       |     4 |       ||     4
 Armour: Leather armour    |     9 |       |       ||     9
         Ring mail         |       |    16 |       ||    16
         Robe              |       |    21 |     2 ||    23
  Dodge: Dodged            |    20 |    66 |     5 ||    91

Table legend:
 A = Non-vault XP
 B = Vault XP
 C = Vault XP percentage of total XP
 D = Non-vault monster count
 E = Vault monster count
 F = Vault count percentage of total count
                 A         B        C        D         E       F
            +---------+---------+-------+---------+---------+-------
      Total |    1262 |     129 |   9.3 |      75 |      18 |  19.4
            +---------+---------+-------+---------+---------+-------
        D:1 |      25 |       0 |   0.0 |      11 |       0 |   0.0
        D:2 |      42 |      74 |  63.8 |      17 |      15 |  46.9
        D:3 |      16 |       4 |  20.0 |       9 |       2 |  18.2
        D:4 |     440 |      51 |  10.4 |      30 |       1 |   3.2
        D:5 |      70 |       0 |   0.0 |       4 |       0 |   0.0
        D:6 |     615 |       0 |   0.0 |       3 |       0 |   0.0
        D:8 |      54 |       0 |   0.0 |       1 |       0 |   0.0
            +---------+---------+-------+---------+---------+-------
